 Dungeon Crawl Stone Soup version 0.15.0-27-gbdb0435 (console) character file.

114 gw the Fey Dwarf (level 4, -3/39 HPs)
             Began as a Deep Dwarf Death Knight on Sept 11, 2014.
             Was a Believer of Yredelemnul.
             Succumbed to an adder's poison
             ... on Level 4 of the Dungeon.
             The game lasted 00:02:06 (2588 turns).

gw the Fey Dwarf (Deep Dwarf Death Knight)          Turns: 2588, Time: 00:02:06

HP  -3/39        AC 13     Str 16      XL: 4   Next: 66%
MP   0/6         EV  4     Int 12      God: Yredelemnul [**....]
Gold 0           SH  0     Dex 13      Spells:  0 memorised,  3 levels left

rFire  . . .     SeeInvis .     a - +0 flail
rCold  . . .     Clarity  .     h - +0 plate armour
rNeg   . . .     rCorr    .     (no shield)
rPois  .         rRot     .     m - +0 helmet
rElec  .         Spirit   .     (no cloak)
SustAb .         Warding  .     n - +0 pair of gloves
rMut   .         Stasis   .     (no boots)
Gourm  .                        q - amulet of faith
MR     .....                    (no ring)
                                (no ring)

@: lethally poisoned, non-regenerating, not resistant to hostile enchantments,
extremely unstealthy
A: damage resistance, recharge devices, sense surroundings 1, slow healing 3
a: Device Recharging, Animate Remains, Recall Undead Slaves, Injury Mirror,
Renounce Religion


You were on level 4 of the Dungeon.
You worshipped Yredelemnul.
Yredelemnul was pleased with you.
You were very hungry.

You visited 1 branch of the dungeon, and saw 4 of its levels.

Inventory:

Hand weapons
 a - a +0 flail (weapon)
Missiles
 k - 65 bolts
Armour
 h - a +0 plate armour (worn)
 m - a +0 helmet (worn)
 n - a +0 pair of gloves (worn)
Magical devices
 c - a wand of heal wounds (4)
Comestibles
 d - 3 bread rations
 f - 2 beef jerkies
 o - a rotting chunk of jackal flesh
 p - a royal jelly
Scrolls
 e - a scroll of identify
Jewellery
 q - an amulet of faith (around neck)
Potions
 l - a potion of restore abilities


   Skills:
 + Level 2.2 Fighting
 * Level 3.7 Maces & Flails
 + Level 2.3 Armour
 - Level 1.1 Dodging
 + Level 4.4 Invocations


You had 3 spell levels left.
You didn't know any spells.

Dungeon Overview and Level Annotations

Branches:
Dungeon (4/15)
 Temple: D:4-7

Altars:
Kikubaaqudgha


Innate Abilities, Weirdness & Mutations

You are resistant to damage.
You can recharge devices by infusing magical energy.
You passively map a small area around you.
You do not heal naturally.


Message History

The orc wizard blinks!
The jackal barely misses you. The orc barely misses you.
The orc hits you but does no damage. The jackal bites you.
Use which ability? (? or * to list)
You fail to use your ability.
You feel very sick. The adder completely misses you.
The orc hits you from afar with a trident of venom.
The orc barely misses you.
The orc wizard hits you but does no damage.
The jackal bites you but does no damage.
The adder bites you.
You are more poisoned.
The adder poisons you!
Use which ability? (? or * to list) Charge which item? (? for menu, Esc to quit)
You don't have any such object.
Charge which item? (? for menu, Esc to quit)
Your wand of heal wounds (0) glows for a moment and now has 4 charges.
You die...
Your body rises from the dead as a mindless zombie.

#.$ , * , ,...,
#* * #.. .#. *
... .. #.#..* *
##.#. # , , # ..o
.# , ,
.#####.#h#o.##.#
,
.......ogS....<#
,
######.#o#.......
, , .. ... #####
* ## ####. .# *
,# * * *, * * , *
*


You could see an orc wizard, an adder, 3 orcs and a jackal.

Table legend:
 A = Turns spent in this place as a percentage of turns spent in the entire game.
 B = Non-inter-level travel turns spent in this place as a percentage of non-inter-level travel turns spent in the entire game.
 C = Inter-level travel turns spent in this place as a percentage of turns spent in this place.
 D = Turns resting spent in this place as a percentage of non-inter-level travel turns spent in this place.
 E = Turns spent auto-exploring this place as a percentage of non-inter-level travel turns spent in this place.
 F = Non-inter-level travel turns spent in this place divided by the number of levels of this place that you've seen.
                   A       B       C       D       E      F
               +-------+-------+-------+-------+-------+----------------------
         Total | 100.0 | 100.0 |   2.8 |   0.0 |  11.0 | 287.5
       Dungeon | 100.0 | 100.0 |   2.8 |   0.0 |  11.0 | 287.5
               +-------+-------+-------+-------+-------+----------------------

Table legend:
 A = Kills in this place as a percentage of kills in entire the game.
 B = Kills by you in this place as a percentage of kills by you in the entire game.
 C = Kills by friends in this place as a percentage of kills by friends in the entire game.
 D = Other kills in this place as a percentage of other kills in the entire game.
 E = Experience gained in this place as a percentage of experience gained in the entire game.
 F = Experience gained in this place divided by the number of levels of this place that you have seen.
                   A       B       C       D       E      F
               +-------+-------+-------+-------+-------+----------------------
         Total | 100.0 | 100.0 | 100.0 |  -nan | 100.0 |  40.8
       Dungeon | 100.0 | 100.0 | 100.0 |  -nan | 100.0 |  40.8
               +-------+-------+-------+-------+-------+----------------------

Vanquished Creatures
  3 adders (D:2)
  A worm (D:2)
  A giant gecko (D:2)
  6 orcs
  8 bats
  5 giant cockroaches
  5 goblins
  6 hobgoblins
  7 jackals
  5 kobolds
  2 ball pythons
  A giant newt (D:1)
  6 rats
56 creatures vanquished.

Vanquished Creatures (collateral kills)
  2 worms (D:2)
  A hobgoblin (D:2)
  A rat (D:1)
4 creatures vanquished.

Vanquished Creatures (others)
  A human (D:2)
  A worm zombie (D:2)
  2 bat zombies (D:1)
  2 rat zombies
6 creatures vanquished.

Grand Total: 66 creatures vanquished

Notes
Turn   | Place    | Note
--------------------------------------------------------------
     0 | D:1      | gw, the Deep Dwarf Death Knight, began the quest for the Orb.
     0 | D:1      | Reached XP level 1. HP: 19/19 MP: 2/2
   220 | D:1      | Reached XP level 2. HP: 23/26 MP: 2/4
  1072 | D:2      | Reached XP level 3. HP: 24/32 MP: 5/5
  1200 | D:2      | Reached skill level 4 in Invocations
  1344 | D:2      | Found an ancient bone altar of Kikubaaqudgha.
  1347 | D:2      | Acquired Yredelemnul's second power
  1350 | D:2      | Noticed a human
  1355 | D:2      | Killed a human
  1394 | D:2      | Reached XP level 4. HP: 18/39 MP: 7/7
  2578 | D:4      | HP: 1/39 [orc wizard/magic dart (8)]
  2587 | D:4      | HP: 1/39 [adder (3)]
  2588 | D:4      | Succumbed to an adder's poison

Action                   |  1- 3 |  4- 6 || total
-------------------------+-------+-------++-------
Melee: Mace              |   104 |    52 ||   156
       Flail             |       |    53 ||    53
Invok: Animate Remains   |    10 |     9 ||    19
       Recall Undead Sla |       |     6 ||     6
 Abil: Device Recharging |       |     1 ||     1
Evoke: Wand              |       |     5 ||     5
  Use: Potion            |     5 |     5 ||    10
       Scroll            |     2 |     1 ||     3
  Eat: Chunk             |     3 |     4 ||     7

Vault maps used:
D:1:      minmay_arrival_arboretum_small, serial_park_tiny_1,
          wad_floor_pattern_1
D:2:      first_bread, tgw_kikubaaqudgha
D:3:      minmay_ruptured
D:4:      patterned_corridor
